 Dungeon Crawl Stone Soup version 0.13-a0-2676-gd993d8a (webtiles) character file.

540 JacquesDerrida the Cudgeler (level 6, -4/48 HPs)
             Began as a Demigod Skald on Aug 12, 2013.
             Slain by an orc priest
             ... wielding a -1,+1 orcish short sword
              (7 damage)
             ... on Level 5 of the Dungeon.
             The game lasted 00:12:09 (4663 turns).

JacquesDerrida the Cudgeler (Demigod Skald)         Turns: 4663, Time: 00:12:09

HP  -4/48        AC  3     Str 16      XL: 6   Next: 16%
MP  11/15        EV 11     Int 23      God:
Gold 176         SH  0     Dex 17      Spells:  3 memorised,  1 level left

Res.Fire  : + . .   See Invis. : .   r - +3,+0 whip (freeze)
Res.Cold  : . . .   Warding    : .   b - +0 leather armour
Life Prot.: . . .   Conserve   : .   (no shield)
Res.Poison: .       Res.Corr.  : .   (no helmet)
Res.Elec. : .       Clarity    : .   (no cloak)
Sust.Abil.: . .     Spirit.Shd : .   (no gloves)
Res.Mut.  : .       Stasis     : .   (no boots)
Res.Rott. : .       Flight     : .   (no amulet)
Saprovore : . . .                    E - ring of flight
                                     s - cursed ring of protection from fire

@: confused, brilliant, slightly resistant to hostile enchantments, extremely
unstealthy
A: no striking features
a: Evoke Flight


You were on level 5 of the Dungeon.
You were not hungry.

You visited 1 branch of the dungeon, and saw 5 of its levels.

You collected 156 gold pieces.

Inventory:

Hand weapons
 a - a +0,+0 mace
 r - a +3,+0 whip of freezing (weapon)
 D - a +2,+5 quarterstaff
Missiles
 j - 12 poisoned needles
Armour
 b - a +0 leather armour (worn)
Magical devices
 w - a wand of flame (20)
Comestibles
 d - a meat ration
 k - 3 chunks of worker ant flesh
 m - an apple
 B - 4 bread rations
Scrolls
 g - 3 scrolls of remove curse {unknown}
 y - a scroll of recharging
Jewellery
 l - an uncursed ring of sustain abilities
 s - a cursed ring of protection from fire (left hand)
 E - a ring of flight (right hand)
Potions
 h - a potion of cure mutation
 i - 3 potions of magic
 o - 3 potions of restore abilities
 u - a potion of might {unknown}
 H - a potion of heal wounds {unknown}
Books
 c - a book of Battle

   Spells                             Type                      Level
   *Infusion                          Charms                       1
   Shroud of Golubria                 Charms/Translocation         2
   Song of Slaying                    Charms                       2
   *Spectral Weapon                   Hexes/Charms                 3
   *Regeneration                      Charms/Necromancy            3
   Song of Shielding                  Charms                       4


   Skills:
 - Level 1.7 Fighting
 * Level 5.7 Maces & Flails
 - Level 0.8 Armour
 - Level 0.8 Dodging
 - Level 1.7 Spellcasting
 + Level 3.7 Charms


You had one spell level left.
You knew the following spells:

 Your Spells              Type           Power        Failure   Level  Hunger
a - Infusion              Chrm           ####..       1%          1    #......
b - Spectral Weapon       Hex/Chrm       ###.....     2%          3    ###....
c - Regeneration          Chrm/Necr      ###.......   2%          3    ###....


Dungeon Overview and Level Annotations

Branches:
Dungeon (5/27)
 Temple: D:4-7


Message History

* * * LOW HITPOINT WARNING * * *
Unknown command.
You hit the orc priest. You freeze the orc priest.
The orc priest is heavily wounded.
The orc wizard misses you.
The orc priest hits you with an orcish short sword.
* * * LOW HITPOINT WARNING * * *
Unknown command.
Drink which item? (? for menu, Esc to quit)
You are confused.
It was a potion of confusion.
The orc wizard closely misses you.
The orc wizard casts a spell.
You feel troubled.
Drink which item? (? for menu, Esc to quit)
You feel more clever all of a sudden.
It was a potion of brilliance.
The orc wizard hits you with an orcish dagger.
* * * LOW HITPOINT WARNING * * *
The orc priest hits you with an orcish short sword!
You die...

##############
#<...........#
############o########
#@ooo..... ##########


You could see 2 orc priests and 2 orc wizards.

Vanquished Creatures
  A water moccasin (D:4)
  A crimson imp (D:4)
  An orc priest (D:4)
  An orc wizard (D:5)
  4 worker ants (D:4)
  Jessica (D:3)
  3 adders
  A worm (D:3)
  A giant gecko (D:2)
  3 orcs (D:4)
  11 bats
  5 giant cockroaches
  9 hobgoblins
  2 quokkas (D:3)
  3 giant newts
  7 goblins
  2 jackals (D:1)
  5 kobolds
  12 rats
73 creatures vanquished.

Notes
Turn   | Place    | Note
--------------------------------------------------------------
     0 | D:1      | JacquesDerrida, the Demigod Skald, began the quest for the Orb.
     0 | D:1      | Reached XP level 1. HP: 16/16 MP: 5/5
   508 | D:1      | Reached XP level 2. HP: 10/23 MP: 6/6
   940 | D:1      | Reached skill level 3 in Maces & Flails
  1190 | D:1      | Found a basalt altar of Yredelemnul.
  1324 | D:2      | Found an ancient bone altar of Kikubaaqudgha.
  1386 | D:2      | Reached XP level 3. HP: 26/28 MP: 9/9
  1391 | D:2      | Learned a level 3 spell: Spectral Weapon
  1981 | D:3      | Noticed Jessica
  2000 | D:3      | Killed Jessica
  2636 | D:3      | Reached skill level 4 in Maces & Flails
  3142 | D:4      | Reached XP level 4. HP: 22/35 MP: 3/11
  3370 | D:4      | Noticed an ogre
  3635 | D:4      | Reached XP level 5. HP: 11/41 MP: 1/13
  4031 | D:4      | Reached skill level 5 in Maces & Flails
  4332 | D:4      | Noticed a water moccasin
  4341 | D:4      | Killed a water moccasin
  4520 | D:4      | Reached XP level 6. HP: 39/48 MP: 10/15
  4572 | D:4      | Found a blossoming altar of Fedhas.
  4619 | D:5      | Entered Level 5 of the Dungeon
  4636 | D:5      | Learned a level 3 spell: Regeneration
  4663 | D:5      | Slain by an orc priest

Action                   |  1- 3 |  4- 6 || total
-------------------------+-------+-------++-------
Melee: Mace              |    89 |       ||    89
       Whip              |    74 |    76 ||   150
 Cast: Infusion          |     5 |    10 ||    15
       Spectral Weapon   |     3 |     4 ||     7
  Use: Scroll            |       |    17 ||    17
       Potion            |       |     7 ||     7
